 Dungeon Crawl Stone Soup version 0.32-a0-20-ge526923 (webtiles) character file.

Game seed: 8125242898061236265

79 danspanner the Trooper (level 4, -3/29 HPs)
             Began as a Gargoyle Fighter on Jan 17, 2024.
             Incinerated by a bombardier beetle (4 damage)
             ... with a burning spray
             ... on level 3 of the Dungeon.
             The game lasted 00:04:12 (1094 turns).

danspanner the Trooper (Gargoyle Fighter)           Turns: 1094, Time: 00:04:13

Health: -3/29      AC: 10    Str: 20      XL:     4   Next: 38%
Magic:  4/4        EV:  9    Int:  7 (8)  God:
Gold:   125        SH:  4    Dex: 11      Spells: 3/3 levels left

rFire   . . .        a - +0 flail
rCold   . . .        c - +0 buckler
rNeg    + . .        b - +0 scale mail
rPois   ∞            (no helmet)
rElec   +            (no cloak)
rCorr   .            (no gloves)
SInv    .            (no boots)
Will    .....        (no amulet) Stlth
                     (no ring)
HPRegen 0.24/turn    (no ring)
MPRegen 0.09/turn

%: no passive effects
@: on fire, glowing
A: sickness immunity, AC +3, negative energy resistance 1, electricity
resistance, torment resistance 1, petrification resistance, deterioration 1
a: no special abilities


You were on level 3 of the Dungeon.
You visited 1 branch of the dungeon, and saw 3 of its levels.

You collected 125 gold pieces.

Inventory:

Hand Weapons
 a - a +0 flail (weapon)
Armour
 b - a +0 scale mail (worn)
 c - a +0 buckler (worn)
Scrolls
 f - a scroll of fear
 g - 2 scrolls of enchant armour
 i - a scroll of noise {unknown}
 l - a scroll of teleportation {unknown}
Potions
 d - a potion of might
 h - 2 potions of haste


   Skills:
 + Level 4.0 Fighting
 + Level 2.7 Maces & Flails
 + Level 3.9 Armour
 + Level 4.0 Shields


You had 3 spell levels left.
You didn't know any spells.
Your spell library contained the following spells:

 Spells                   Type           Power      Damage    Failure   Level
 Static Discharge         Conj/Air       0%         3-3/arc   94%         2
 Airstrike                Air            0%         2d(0-16)  100%        4
 Summon Lightning Spire   Summ/Air       0%         N/A       100%        4


Dungeon Overview and Level Annotations

Branches:
Dungeon (3/15)

Altars:

Shops:
D:1 *   D:3 [!


Innate Abilities, Weirdness & Mutations

You are immune to sickness and miasma.
Your stone body is resilient. (AC +3)
You are immune to poison.
You resist negative energy. (rN+)
You are resistant to electric shocks. (rElec)
You are resistant to unholy torment.
You are immune to petrification.
Your body sometimes deteriorates upon taking damage.


Message History

You barely miss the goblin.
The goblin is moderately wounded.
You block the goblin's attack.
You hit the goblin but do no damage.
The goblin is moderately wounded.
The goblin hits you with a +0 dagger.
You closely miss the goblin.
The goblin is moderately wounded.
You block the goblin's attack. The goblin barely misses you.
You thump the goblin!
You kill the goblin!
You feel your dexterity returning.
You hit the bombardier beetle.
The bombardier beetle is lightly wounded.
The bombardier beetle sprays incendiary fluid at you.
The burning spray hits you.
You are covered in liquid fire!
You barely miss the bombardier beetle.
The bombardier beetle is lightly wounded.
The liquid fire burns you!
Your body deteriorates!
You feel dopey.
The bombardier beetle bites you but does no damage.
You hit the bombardier beetle.
The bombardier beetle is lightly wounded.
The liquid fire burns you!
You sock the bombardier beetle!
The bombardier beetle is heavily wounded.
The liquid fire burns you!
* * * LOW HITPOINT WARNING * * *
The bombardier beetle sprays incendiary fluid at you.
The burning spray hits you.
You are even more covered in liquid fire!
You hit the bombardier beetle.
The bombardier beetle is almost dead.
The liquid fire burns you!
* * * LOW HITPOINT WARNING * * *
The bombardier beetle bites you but does no damage.
You hit the bombardier beetle.
You kill the bombardier beetle!
The liquid fire burns you!
You die...

#.....### #####.#
##### . #.# #...#
#.#.# #...#
####.#.###...######
....................
#.##......#....####
##.....)##.#.#####.
........@)...<......
..#..#####..........
##...................
#...................
+...................
........B∩........
..................
..........†.......
..................


There were no monsters in sight!

Vanquished Creatures
  A bombardier beetle (D:3)
  4 adders
  A dart slug (D:2)
  2 bats (D:2)
  3 endoplasms (D:1)
  3 giant cockroaches
  5 goblins
  8 hobgoblins
  A kobold (D:2)
  A quokka (D:2)
  3 ball pythons
  3 frilled lizards
  4 rats
39 creatures vanquished.

Notes
Turn   | Place    | Note
-------+----------+-------------------------------------------
     0 | D:1      | danspanner the Gargoyle Fighter began the quest for the
                  | Orb.
     0 | D:1      | Reached XP level 1. HP: 14/14 MP: 1/1
   126 | D:1      | Reached XP level 2. HP: 14/19 MP: 2/2
   404 | D:1      | Found Wyqagomo's General Store.
   538 | D:2      | Reached XP level 3. HP: 21/23 MP: 3/3
   672 | D:2      | Reached XP level 4. HP: 26/29 MP: 4/4
   744 | D:2      | Gained mutation: Your body sometimes deteriorates upon
                  | taking damage. [potion of mutation]
  1036 | D:3      | Found Voabbow's Distillery.
  1040 | D:3      | Found Peobyu's Antique Armour Shoppe.
  1093 | D:3      | HP: 1/29 [burnt (6)]
  1094 | D:3      | Incinerated by a bombardier beetle

Illustrated notes

Levels and vault maps discovered:
D:1:      lightli_arrival_noodles, layout_rooms, serial_shops,
          nicolae_shop_hallway_plus
D:2:      layout_basic
D:3:      layout_basic, mainiacjoe_overflow_tiny_flanked,
          nicolae_wu_jian_wuxing_cycle, gammafunk_temple_overflow_claw,
          serial_shops, nicolae_shop_rolled_up, shop, nicolae_shop_hallway_plus,
          shop, shop

Skill      XL: |  1  2  3  4 |
---------------+-------------+-----
Fighting       | 4 |  4.0
Shields        | 4 |  4.0
Maces & Flails | |  2.7
Armour         | |  3.9

Action                     |  1- 3 |  4- 6 || total
---------------------------+-------+-------++-------
  Melee: Flail             |    90 |    47 ||   137
    Use: Scroll            |     3 |     2 ||     5
         Potion            |       |     1 ||     1
 Armour: Scale mail        |    59 |    39 ||    98
  Dodge: Dodged            |    47 |    25 ||    72
  Block: Buckler           |    23 |    15 ||    38

Table legend: (Time is in decaauts)
 A = Elapsed time spent in this place.
 B = Non-inter-level travel time spent in this place.
 C = Inter-level travel time spent in this place.
 D = Time resting spent in this place.
 E = Time spent auto-exploring this place.
 F = Levels seen in this place.
 G = Mean time per level.
                   A        B        C        D        E       F      G
               +--------+--------+--------+--------+--------+-----+--------+
         Total |   1136 |   1095 |     41 |      0 |    793 |   3 |  378.7 |
       Dungeon |   1136 |   1095 |     41 |      0 |    793 |   3 |  378.7 |
               +--------+--------+--------+--------+--------+-----+--------+

Top non-repeatable levels by time:
     D:1: 545 daAuts
     D:2: 494 daAuts
     D:3: 95 daAuts
